3L
MONTANA PANDAS @ CHICAGO HAWKS
09/14/2020
 
TOP OF THE 1ST
Montana Pandas batting - Pitching for Chicago Hawks : RHP Seth Rice
Pitching: RHP Seth Rice
Batting: RHB Alberto Ortíz 0-0: Called Strike
0-1: Ball
1-1: Foul Ball, location: 2F
1-2: Ball
2-2: Foul Ball, location: 2F
2-2: Foul Ball, location: 2F
2-2: Foul Ball, location: 2F
2-2: Foul Ball, location: 2F
2-2: SINGLE (Groundball, 4M)
Batting: RHB Nathan Clay 0-0: Called Strike
Alberto Ortíz steals 2nd base
0-1: Ball
1-1: Ball
2-1: Foul Ball, location: 2F
2-2: Foul Ball, location: 2F
2-2: Reached on error, E3 (Groundball, 3)
Alberto Ortíz to third
Batting: SHB Bill Becker 0-0: Called Strike
0-1: Foul Ball, location: 2F
0-2: Ball
1-2: Ball
2-2: Foul Ball, location: 2F
2-2: Grounds into double play, 4-6-3 (Groundball, 4)
Alberto Ortíz scores
Batting: LHB Jarred Smith 0-0: Called Strike
0-1: Ground out 4-3 (Groundball, 34D)
Top of the 1st over - 1 run(s), 1 hit(s), 1 error(s), 0 left on base; Montana 1 - Chicago 0
BOTTOM OF THE 1ST
Chicago Hawks batting - Pitching for Montana Pandas : RHP Anthony Hanover
Pitching: RHP Anthony Hanover
Batting: LHB Motoshige Kitamura 0-0: Ball
1-0: Ball
2-0: Called Strike
2-1: Swinging Strike
2-2: Fly out, F7 (Flyball, 7M)
Batting: RHB Ed Whitaker 0-0: Called Strike
0-1: Ball
Reached via error on a dropped throw, E3
Batting: LHB Mal Wadley 0-0: Ball
1-0: Ball
2-0: Ball
3-0: Base on Balls
Ed Whitaker to second
Batting: RHB Joe Andrews 0-0: Foul Ball, location: 2F
0-1: Called Strike
Ed Whitaker steals 3rd base
Mal Wadley to second
0-2: DOUBLE (Flyball, 89D)
Ed Whitaker scores
Mal Wadley scores
Batting: RHB Joe Guy 0-0: Ball
1-0: Called Strike
1-1: Ball
2-1: Ground out 6-3 (Groundball, 56)
Batting: RHB José Ramos 0-0: Ball
1-0: Ball
2-0: Ball
3-0: Base on Balls
Batting: LHB Jeremiah Spencer 0-0: Called Strike
0-1: Fly out, F9 (Flyball, 9M)
Bottom of the 1st over - 2 run(s), 1 hit(s), 1 error(s), 2 left on base; Montana 1 - Chicago 2
TOP OF THE 2ND
Montana Pandas batting - Pitching for Chicago Hawks : RHP Seth Rice
Batting: RHB Raykom Mikeladze 0-0: Ball
1-0: Fly out, F9 (Flyball, 89S)
Batting: LHB Raúl Valentín 0-0: Ground out 6-3 (Groundball, 6M)
Batting: LHB Lance Schiffer 0-0: Ball
1-0: Foul Ball, location: 2F
1-1: Called Strike
1-2: SINGLE (Groundball, 34)
Batting: SHB Anthony Hanover 0-0: Called Strike
0-1: Ground out 6-3 (Groundball, 6)
Top of the 2nd over - 0 run(s), 1 hit(s), 0 error(s), 1 left on base; Montana 1 - Chicago 2
BOTTOM OF THE 2ND
Chicago Hawks batting - Pitching for Montana Pandas : RHP Anthony Hanover
Batting: RHB Ji-chol Yang 0-0: Ball
1-0: Ball
2-0: Ground out 6-3 (Groundball, 6MS)
Batting: LHB Seth Rice 0-0: Swinging Strike
0-1: Foul Ball, location: 2F
0-2: Ball
1-2: Ground out 4-3 (Groundball, 34)
Batting: LHB Motoshige Kitamura 0-0: Called Strike
0-1: Swinging Strike
0-2: Strikes out swinging
Bottom of the 2nd over - 0 run(s), 0 hit(s), 0 error(s), 0 left on base; Montana 1 - Chicago 2
TOP OF THE 3RD
Montana Pandas batting - Pitching for Chicago Hawks : RHP Seth Rice
Batting: RHB Jorge Quezada 0-0: Called Strike
0-1: Called Strike
0-2: Strikes out swinging
Batting: RHB Alberto Ortíz 0-0: Ball
1-0: Ball
2-0: Swinging Strike
2-1: Ball
3-1: Fly out, F3 (Popup, 3SF)
Batting: RHB Nathan Clay 0-0: Ground out 4-3 (Groundball, 4)
Top of the 3rd over - 0 run(s), 0 hit(s), 0 error(s), 0 left on base; Montana 1 - Chicago 2
BOTTOM OF THE 3RD
Chicago Hawks batting - Pitching for Montana Pandas : RHP Anthony Hanover
Batting: RHB Ed Whitaker 0-0: Foul Ball, location: 2F
0-1: Fly out, F4 (Popup, 3D)
Batting: LHB Mal Wadley 0-0: Ball
1-0: Swinging Strike
1-1: Ball
2-1: Fly out, F8 (Flyball, 78D)
Batting: RHB Joe Andrews 0-0: Fly out, F4 (Popup, 4D)
Bottom of the 3rd over - 0 run(s), 0 hit(s), 0 error(s), 0 left on base; Montana 1 - Chicago 2
TOP OF THE 4TH
Montana Pandas batting - Pitching for Chicago Hawks : RHP Seth Rice
Batting: SHB Bill Becker 0-0: Foul Ball, location: 2F
0-1: Ball
1-1: Ground out 1-3 (Groundball, 3S)
Batting: LHB Jarred Smith 0-0: Ball
1-0: Called Strike
1-1: Ground out 3-1 (Groundball, 3L)
Batting: RHB Raykom Mikeladze 0-0: Ground out 6-3 (Groundball, 56)
Top of the 4th over - 0 run(s), 0 hit(s), 0 error(s), 0 left on base; Montana 1 - Chicago 2
BOTTOM OF THE 4TH
Chicago Hawks batting - Pitching for Montana Pandas : RHP Anthony Hanover
Pitching: RHP Stephen Dowell
Batting: RHB Joe Guy 0-0: Ball
1-0: Called Strike
1-1: Swinging Strike
1-2: Ball
2-2: Strikes out looking
Batting: RHB José Ramos 0-0: Ball
1-0: Ball
2-0: Foul Ball, location: 2F
2-1: Ground out 6-3 (Groundball, 6M)
Batting: LHB Jeremiah Spencer 0-0: Called Strike
0-1: Foul Ball, location: 2F
0-2: Strikes out swinging
Bottom of the 4th over - 0 run(s), 0 hit(s), 0 error(s), 0 left on base; Montana 1 - Chicago 2
TOP OF THE 5TH
Montana Pandas batting - Pitching for Chicago Hawks : RHP Seth Rice
Batting: LHB Raúl Valentín 0-0: Foul Ball, location: 2F
0-1: Fly out, F9 (Flyball, 89M)
Batting: LHB Lance Schiffer 0-0: Called Strike
0-1: Called Strike
0-2: Ball
1-2: Fly out, F5 (Popup, 5L)
Batting: SHB Stephen Dowell 0-0: Fly out, F7 (Flyball, 7LMF)
Top of the 5th over - 0 run(s), 0 hit(s), 0 error(s), 0 left on base; Montana 1 - Chicago 2
BOTTOM OF THE 5TH
Chicago Hawks batting - Pitching for Montana Pandas : RHP Stephen Dowell
Batting: RHB Ji-chol Yang 0-0: Called Strike
0-1: Ground out U3 (Groundball, 3)
Batting: LHB Seth Rice 0-0: Fly out, F8 (Flyball, 8LM)
Batting: LHB Motoshige Kitamura 0-0: Called Strike
0-1: Ball
1-1: Called Strike
1-2: Ball
2-2: Ball
3-2: Fly out, F8 (Flyball, 8LS)
Bottom of the 5th over - 0 run(s), 0 hit(s), 0 error(s), 0 left on base; Montana 1 - Chicago 2
TOP OF THE 6TH
Montana Pandas batting - Pitching for Chicago Hawks : RHP Seth Rice
Batting: RHB Jorge Quezada 0-0: Ball
1-0: Swinging Strike
1-1: Ball
2-1: Ball
3-1: Foul Ball, location: 2F
3-2: Foul Ball, location: 2F
3-2: Base on Balls
Batting: RHB Alberto Ortíz 0-0: Swinging Strike
0-1: Swinging Strike
0-2: Ball
1-2: Ball
2-2: Grounds into double play, 5-4-3 (Groundball, 5)
Batting: RHB Nathan Clay 0-0: Swinging Strike
0-1: Called Strike
0-2: Foul Ball, location: 2F
0-2: Strikes out swinging
Top of the 6th over - 0 run(s), 0 hit(s), 0 error(s), 0 left on base; Montana 1 - Chicago 2
BOTTOM OF THE 6TH
Chicago Hawks batting - Pitching for Montana Pandas : RHP Stephen Dowell
Batting: RHB Ed Whitaker 0-0: Called Strike
0-1: Ball
1-1: Ground out 5-3 (Groundball, 5S)
Batting: LHB Mal Wadley 0-0: Swinging Strike
0-1: Fly out, F8 (Flyball, 8LD)
Batting: RHB Joe Andrews 0-0: Foul Ball, location: 2F
0-1: Called Strike
0-2: Foul Ball, location: 2F
0-2: Strikes out swinging
Bottom of the 6th over - 0 run(s), 0 hit(s), 0 error(s), 0 left on base; Montana 1 - Chicago 2
TOP OF THE 7TH
Montana Pandas batting - Pitching for Chicago Hawks : RHP Seth Rice
Batting: SHB Bill Becker 0-0: Called Strike
0-1: Ball
1-1: Fly out, F6 (Popup, 6M)
Batting: LHB Jarred Smith 0-0: Ball
1-0: Foul Ball, location: 2F
1-1: Called Strike
1-2: Foul Ball, location: 2F
1-2: Foul Ball, location: 2F
1-2: Ground out 1-3 (Groundball, 13S)
Batting: RHB Raykom Mikeladze 0-0: Ball
1-0: Called Strike
1-1: Called Strike
1-2: Reached on error, E5 (Groundball, 5L)
Batting: LHB Raúl Valentín 0-0: Ball
1-0: Called Strike
Raykom Mikeladze steals 2nd base
1-1: Called Strike
1-2: Ball
2-2: Ground out 6-3 (Groundball, 6)
Top of the 7th over - 0 run(s), 0 hit(s), 1 error(s), 1 left on base; Montana 1 - Chicago 2
BOTTOM OF THE 7TH
Chicago Hawks batting - Pitching for Montana Pandas : RHP Stephen Dowell
Batting: RHB Joe Guy 0-0: Called Strike
0-1: Foul Ball, location: 2F
0-2: Foul Ball, location: 2F
0-2: SINGLE (Flyball, 9S)
Batting: RHB José Ramos 0-0: Ball
1-0: Called Strike
1-1: Foul Ball, location: 2F
1-2: Foul Ball, location: 2F
1-2: Ball
2-2: 2-RUN HOME RUN (Flyball, 89XD), Distance : 385 ft
Pitching: RHP Elvin Brooks
Now in LF: Guy Riley
Batting: LHB Jeremiah Spencer 0-0: Ball
1-0: Ball
2-0: Called Strike
2-1: Ball
3-1: Called Strike
3-2: Foul Ball, location: 2F
3-2: Foul Ball, location: 2F
3-2: Base on Balls
Batting: RHB Ji-chol Yang 0-0: Called Strike
0-1: Called Strike
0-2: Grounds into double play, 6-4-3 (Groundball, 6)
Batting: LHB Seth Rice 0-0: Foul Ball, location: 2F
0-1: Swinging Strike
0-2: Strikes out looking
Bottom of the 7th over - 2 run(s), 2 hit(s), 0 error(s), 0 left on base; Montana 1 - Chicago 4
TOP OF THE 8TH
Montana Pandas batting - Pitching for Chicago Hawks : RHP Seth Rice
Batting: LHB Lance Schiffer 0-0: Called Strike
0-1: Ground out U3 (Groundball, 3S)
Batting: LHB Guy Riley 0-0: Fly out, F7 (Flyball, 7D)
Batting: RHB Jorge Quezada 0-0: Ball
1-0: Called Strike
1-1: Ball
2-1: Called Strike
2-2: Foul Ball, location: 2F
2-2: Foul Ball, location: 2F
2-2: Strikes out swinging
Top of the 8th over - 0 run(s), 0 hit(s), 0 error(s), 0 left on base; Montana 1 - Chicago 4
BOTTOM OF THE 8TH
Chicago Hawks batting - Pitching for Montana Pandas : RHP Elvin Brooks
Batting: LHB Motoshige Kitamura 0-0: Ball
1-0: Foul Ball, location: 2F
1-1: Foul Ball, location: 2F
1-2: Foul Ball, location: 2F
1-2: Fly out, F6 (Line Drive, 6)
Batting: RHB Ed Whitaker 0-0: Ball
1-0: Fly out, F6 (Popup, 6)
Batting: LHB Mal Wadley 0-0: Fly out, F9 (Flyball, 89M)
Bottom of the 8th over - 0 run(s), 0 hit(s), 0 error(s), 0 left on base; Montana 1 - Chicago 4
TOP OF THE 9TH
Montana Pandas batting - Pitching for Chicago Hawks : RHP Seth Rice
Now at 1B: Bryan Manning
Batting: RHB Alberto Ortíz 0-0: DOUBLE (Line Drive, 56D)
Pitching: RHP Jim Dixon
Pinch Hitting: SHB Stephen Baldwin 0-0: Called Strike
0-1: Ball
1-1: Foul Ball, location: 2F
1-2: Strikes out swinging
Batting: SHB Bill Becker 0-0: Called Strike
0-1: Swinging Strike
0-2: Strikes out swinging
Batting: LHB Jarred Smith 0-0: Fly out, F7 (Line Drive, 7M)
Top of the 9th over - 0 run(s), 1 hit(s), 0 error(s), 1 left on base; Montana 1 - Chicago 4
This league is powered by Out of the Park Baseball, the baseball management simulation game for PC, Mac and Linux
Friday, October 23rd, 2015 - OOTP Baseball 16.9 Build 39